 Dungeon Crawl Stone Soup version 0.28-a0-124-g73ec313a74 (webtiles) character file.

Game seed: 538644341260326564

186 jisko22 the Twirler (level 5, -28/60 HPs)
             Began as a Djinni Gladiator on Aug 15, 2021.
             Blown up by Ijyb (30 damage)
             ... with a mindburst bolt
             ... on level 4 of the Dungeon.
             The game lasted 00:12:09 (3956 turns).

jisko22 the Twirler (Djinni Gladiator)              Turns: 3956, Time: 00:12:10

Health: -28/60     AC: 22    Str: 13    XL:     5   Next: 97%
Gold:   117        EV:  2    Int: 17    God:
                   SH:  0    Dex: 14

rFire   . . .      SeeInvis .   a - +0 quarterstaff
rCold   . . .      Faith    .   (shield currently unavailable)
rNeg    + + +      Spirit   .   (armour currently unavailable)
rPois   ∞          Reflect  .   (helmet currently unavailable)
rElec   .          Harm     .   (cloak currently unavailable)
rCorr   .          Rampage  .   (gloves currently unavailable)
Will    .....      NoTele   +   (boots unavailable)
Stlth   +.........              (no amulet)
HPRegen 0.20/turn               o - +6 ring of intelligence
MPRegen 0.00/turn               (no ring)

@: tree-form
A: stationary, stasis, torment immunity, boosted hp, sickness immunity, (fire
resistance 3), (cold vulnerability 1), float, innate caster, hp casting, extra
vitality 1, sense surroundings 2, evolution 1
a: no special abilities


You were on level 4 of the Dungeon.
You were a tree.
You visited 1 branch of the dungeon, and saw 4 of its levels.

You collected 117 gold pieces.

Inventory:

Hand Weapons
 a - a +0 quarterstaff (weapon)
Missiles
 d - 2 throwing nets
 e - 13 poisoned darts (quivered)
 g - 154 stones
 n - 7 boomerangs
Armour
 b - a +0 leather armour (melded)
 c - a +0 helmet (melded)
 j - a +0 scale mail
 m - a scarf of repulsion (melded)
Jewellery
 o - a +6 ring of intelligence (left branch)
Wands
 p - a wand of digging (5)
Scrolls
 f - 2 scrolls of identify
Potions
 k - a potion of flight
 l - a potion of attraction


   Skills:
 + Level 3.0 Fighting
 * Level 4.1 Staves
 + Level 2.3 Throwing
 + Level 2.1 Armour
 - Level 3.2 Dodging


You had one spell level left.
You knew the following spells:

 Your Spells              Type           Power      Damage    Failure   Level
a - Animate Skeleton      Necr           0%         N/A       24%         1
b - Corpse Rot            Necr/Air       N/A        N/A       34%         2
Your spell library was empty.

Dungeon Overview and Level Annotations

Branches:
Dungeon (4/15)
 Temple: D:4-7

Altars:
Fedhas

Annotations:
D:4 Ijyb


Innate Abilities, Weirdness & Mutations

You are a tree.
Your roots penetrate the ground, keeping you stationary.
You cannot be teleported.
You are immune to unholy pain and torment.
Your maximum health is greatly increased.
Your equipment is partially melded.
You are immune to sickness and miasma.
You are immune to poison.
((Your flesh is almost immune to the effects of heat. (rF+++)))
((You are vulnerable to cold. (rC-)))
You float through the air rather than walking.
You learn spells naturally, not from books.
Your magical power is your life essence.
You have superior vitality. (+4 HP)
You passively map the area around you.
You evolve.


Message History

Ijyb hits you with a +2 dagger of freezing.
Ijyb freezes you.
You barely miss the kobold. The kobold hits you with a +0 whip.
Ijyb hits you but does no damage.
You completely miss the kobold. The kobold hits you with a +0 whip.
Ijyb hits you with a +2 dagger of freezing.
Ijyb freezes you.
You hit the kobold.
You kill the kobold!
Ijyb hits you with a +2 dagger of freezing.
Ijyb freezes you.
* * * LOW HITPOINT WARNING * * *
You feel better. Ijyb completely misses you.
You feel better.
Ijyb hits you with a +2 dagger of freezing.
Ijyb freezes you.
Okay, then.
Really quaff the potion of lignification?
You turn into a tree.
Your scarf of repulsion melds into your body.
Your +0 helmet melds into your body.
Your +0 leather armour melds into your body.
The haze of the repulsion field disappears.
Your roots penetrate the ground.
Ijyb hits you but does no damage.
You barely miss Ijyb. Ijyb hits you but does no damage.
You barely miss Ijyb.
Ijyb hits you with a +2 dagger of freezing.
Ijyb freezes you.
You closely miss Ijyb.
Ijyb zaps a wand.
You struggle to resist.
You barely miss Ijyb.
Ijyb zaps a wand.
Your mind is blasted!
* * * LOW HITPOINT WARNING * * *
Ijyb hits you with a +2 dagger of freezing.
* * * LOW HITPOINT WARNING * * *
Ijyb freezes you.
* * * LOW HITPOINT WARNING * * *
You hit Ijyb.
Ijyb is lightly wounded.
Ijyb zaps a wand.
Your mind is blasted!
Ouch! That really hurt!
You die...

..##.............#
.).....####.##.#.#
..##...# #.##.#.#
.......####.##.#.#
..#.........##.#.#
.................#
#.#...##..#.##...#
)................#
..†...##..#.###.♣#
..).......# #g)#
#.#.#.##..# #..#
#.#.#.#* . #..#
#.....##. #...
.........,, ...#
......... #..#
.......#. , #..#
.........,...,....
*


You could see Ijyb.

Vanquished Creatures
  2 hounds (D:4)
  3 gnolls (D:4)
  2 adders (D:3)
  An adder skeleton (D:2)
  4 worms
  3 dart slugs (D:1)
  8 ball pythons
  2 endoplasms (D:1)
  2 giant cockroaches
  4 hobgoblins
  6 jackals (D:2)
  6 quokkas
  3 bats
  6 frilled lizards
  4 goblins
  6 kobolds
  3 rats
65 creatures vanquished.

Vanquished Creatures (collateral kills)
  A giant cockroach (D:4)
1 creature vanquished.

Grand Total: 66 creatures vanquished

Notes
Turn   | Place    | Note
-------+----------+-------------------------------------------
     0 | D:1      | jisko22 the Djinni Gladiator began the quest for the Orb.
     0 | D:1      | Reached XP level 1. HP: 18/18 MP: 0/0
   406 | D:1      | Reached XP level 2. HP: 23/23 MP: 0/0
   420 | D:1      | Reached skill level 3 in Staves
   589 | D:1      | Reached XP level 3. HP: 28/28 MP: 0/0
   589 | D:1      | Learned a level 1 spell: Animate Skeleton
   807 | D:1      | Reached skill level 1 in Armour
  1288 | D:2      | Reached XP level 4. HP: 34/34 MP: 0/0
  1310 | D:2      | Found a faded altar of an unknown god.
  1470 | D:2      | Found a blossoming altar of Fedhas.
  2837 | D:4      | Gained mutation: You passively map a small area around you.
                  | [potion of mutation]
  2837 | D:4      | Gained mutation: You evolve. [potion of mutation]
  2837 | D:4      | Gained mutation: Your flesh is almost immune to the effects
                  | of heat. (rF+++) [potion of mutation]
  2874 | D:4      | Noticed Ijyb
  2874 | D:4      | Noticed an ogre
  3128 | D:3      | Gained mutation: You passively map the area around you.
                  | [evolution]
  3156 | D:4      | Reached XP level 5. HP: 37/40 MP: 0/0
  3156 | D:4      | Learned a level 2 spell: Corpse Rot
  3410 | D:4      | Reached skill level 4 in Staves
  3955 | D:4      | HP: 3/60 [Ijyb (3)]
  3956 | D:4      | Blown up by Ijyb

Illustrated notes

Levels and vault maps discovered:
D:1:      scummos_arrival_hexagon, layout_basic, minmay_shallow_snake_nest
D:2:      layout_basic, shapermc_ecumenical_altar_starsandcircs, basic_altar,
          minmay_misc_feat_more_columns
D:3:      layout_basic, st_stairs_6
D:4:      layout_basic, serial_shops, kennysheep_mini, uniq_ijyb

Skill      XL: |  1  2  3  4  5 |
---------------+----------------+-----
Staves         | 3 4 |  4.1
Armour         | 1 2 |  2.1
Throwing       | 2 |  2.3
Fighting       | 3 |  3.0
Dodging        | |  3.2

Action                   |  1- 3 |  4- 6 || total
-------------------------+-------+-------++-------
Melee: Quarterstaff      |    94 |    87 ||   181
Throw: Stone             |    30 |    40 ||    70
       Boomerang         |       |     4 ||     4
       Throwing net      |       |     1 ||     1
       Dart              |       |    14 ||    14
 Cast: Animate Skeleton  |       |     4 ||     4
  Use: Scroll            |       |     6 ||     6
       Potion            |       |     4 ||     4
 Stab: Sleeping          |     2 |       ||     2
Armor: Leather armour    |    32 |    18 ||    50
       Skin              |       |     2 ||     2
Dodge: Dodged            |    60 |    49 ||   109
       Repelled          |       |     1 ||     1

Table legend: (Time is in decaauts)
 A = Elapsed time spent in this place.
 B = Non-inter-level travel time spent in this place.
 C = Inter-level travel time spent in this place.
 D = Time resting spent in this place.
 E = Time spent auto-exploring this place.
 F = Levels seen in this place.
 G = Mean time per level.
                   A        B        C        D        E       F      G
               +--------+--------+--------+--------+--------+-----+--------+
         Total |   3978 |   3926 |     52 |    511 |   2576 |   4 |  994.5 |
       Dungeon |   3978 |   3926 |     52 |    511 |   2576 |   4 |  994.5 |
               +--------+--------+--------+--------+--------+-----+--------+

Top non-repeatable levels by time:
     D:3: 1374 daAuts
     D:1: 885 daAuts
     D:4: 882 daAuts
     D:2: 836 daAuts
